 Dungeon Crawl Stone Soup version 0.28.0 (webtiles) character file.

Game seed: 7703297462549955971

364 lonewolfV2 the Chopper (level 6, 0/48 HPs)
             Began as a Demonspawn Fighter on Feb 10, 2022.
             Succumbed to Sigmund's poison
             ... on level 4 of the Dungeon.
             The game lasted 00:04:54 (3371 turns).

lonewolfV2 the Chopper (Demonspawn Fighter)         Turns: 3371, Time: 00:04:54

Health: 0/48       AC: 14    Str: 18    XL:     6   Next: 39%
Magic:  6/6        EV:  9    Int:  9    God:
Gold:   169        SH:  0    Dex: 13    Spells: 5/5 levels left

rFire   . . .      SeeInvis .   a - +1 war axe
rCold   . . .      Faith    .   c - +0 buckler
rNeg    . . .      Spirit   .   b - +0 scale mail
rPois   +          Reflect  .   (no helmet)
rElec   .          Harm     .   (no cloak)
rCorr   .          Rampage  .   g - +0 pair of gloves {Stlth+}
Will    .....                   (no boots)
Stlth   ..........              (no amulet)
HPRegen 0.16/turn               h - ring of poison resistance
MPRegen 0.10/turn               (no ring)

@: confused, lethally poisoned (0 -> -5), sanguine armoured, on berserk
cooldown, attractive, slowed, very slow
A: hooves 2, foul stench 1, sanguine armour 1
a: no special abilities


You were on level 4 of the Dungeon.
You visited 1 branch of the dungeon, and saw 4 of its levels.

You collected 169 gold pieces.

Inventory:

Hand Weapons
 a - a +1 war axe (weapon)
Armour
 b - a +0 scale mail (worn)
 c - a +0 buckler (worn)
 g - a +0 pair of gloves of stealth (worn)
Jewellery
 h - a ring of poison resistance (left hand)
Wands
 i - a wand of iceblast (13)
Scrolls
 f - 2 scrolls of teleportation
 k - a scroll of noise {unknown}


   Skills:
 + Level 3.9 Fighting
 + Level 4.3 Axes
 + Level 3.8 Armour
 + Level 0.7 Dodging
 + Level 0.5 Stealth
 + Level 3.5 Shields


You had 5 spell levels left.
You didn't know any spells.
Your spell library contained the following spells:

 Spells                   Type           Power      Damage    Failure   Level
 Animate Skeleton         Necr           0%         N/A       86%         1
 Pain                     Necr           0%         1d4       86%         1
 Corpse Rot               Necr/Air       0%         N/A       94%         2
 Sublimation of Blood     Necr           0%         N/A       94%         2
 Wereblood                Tmut           0%         N/A       94%         2
 Tukima's Dance           Hex            0%         N/A       99%         3
 Vampiric Draining        Necr           0%         2d6       99%         3
 Dispel Undead            Necr           0%         3d6       100%        4
 Passage of Golubria      Tloc           0%         N/A       100%        4
 Yara's Violent Unravell  Hex/Tmut       0%         3d3       100%        5
 Death Channel            Necr           0%         N/A       100%        6
 Summon Hydra             Summ           0%         N/A       100%        7


Dungeon Overview and Level Annotations

Branches:
Dungeon (4/15)
 Temple: D:4-7

Altars:

Shops:
D:4 :

Annotations:
D:3 3 runed translucent doors, Sanktem7's ghost, amateur MiBe
D:4 Sigmund


Innate Abilities, Weirdness & Mutations

You have hoof-like feet.
You may rarely emit foul miasma when damaged in melee.
When seriously injured, your blood forms armour. (AC +6)


Message History

Something hits you.
You are poisoned.
You feel very sick. Something hits you!
Your blood congeals into armour.
You hit something. Your kick misses something.
You feel very sick.
It was a potion of attraction.
You feel attractive to monsters.
You feel sick.
You hear some strange, mumbled words.
A puff of flame appears from out of thin air!
The puff of flame hits you but does no damage.
It was a potion of magic.
Magic courses through your body.
You feel sick. Something hits you but does no damage.
A red film seems to cover your vision as you go berserk!
You feel yourself moving faster!
You feel mighty!
You feel sick. Something hits you but does no damage.
You are more poisoned.
You barely miss something.
You feel very sick.
You closely miss something. Your kick misses something.
You feel sick.
You hear some strange, mumbled words.
You are confused.
You bump into the rock wall.
You feel sick.
You bump into the rock wall.
You feel a strong urge to attack something.
You feel sick. Something hits you but does no damage.
You bump into the rock wall.
You feel sick.
You bump into the rock wall.
You feel your anger nearly subside.
You are no longer berserk.
You are exhausted.
You feel yourself slow down.
You feel sick. Something hits you!
* * * LOW HITPOINT WARNING * * *
You bump into the rock wall.
* * * LOW HITPOINT WARNING * * *
You feel sick.
You hear some strange, mumbled words.
You are more confused.
You closely miss something. Your kick misses something.
You die...

########### #.........#
#.........## #.........#. *** ***
#........... *,**#,* #.........##
**..##.##* ###.........# *
*,.......#######.....#.###### **
**,**#......{@....##....# ## ,*
*,,* #.#...########..##.#####.
,***,****,#....***###)(###.##....
,,,,,*,,,...##..,,.#..## #.##.###
,**,,,,*#.##**#..*.....###.#..#
,,*,,,**#.,,* *#.###.#.......##
,,,,,,,,.,,,####.##..#..#.####
,,*,***#***,,....##.#......#
*,,,* *,**#.....#.#....# #


There were no monsters in sight!

Vanquished Creatures
  Grinder (D:3)
  Jessica (D:2)
  An adder (D:2)
  3 gnolls (D:3)
  4 worms
  A dart slug (D:4)
  An orc (D:3)
  5 bats
  9 endoplasms
  A giant cockroach (D:1)
  5 goblins
  6 hobgoblins
  10 jackals
  11 kobolds
  A quokka (D:3)
  5 ball pythons
  A frilled lizard (D:1)
  6 rats
72 creatures vanquished.

Vanquished Creatures (others)
  A fungus (D:3)
  3 plants (D:3)
4 creatures vanquished.

Grand Total: 76 creatures vanquished

Notes
Turn   | Place    | Note
-------+----------+-------------------------------------------
     0 | D:1      | lonewolfV2 the Demonspawn Fighter began the quest for the
                  | Orb.
     0 | D:1      | Reached XP level 1. HP: 18/18 MP: 1/1
    54 | D:1      | Gained mutation: You have large cloven feet. [demonic
                  | ancestry]
    54 | D:1      | Reached XP level 2. HP: 19/24 MP: 2/2
   206 | D:1      | Reached skill level 2 in Axes
   525 | D:1      | Found a faded altar of an unknown god.
   830 | D:2      | Gained mutation: You may rarely emit foul miasma when
                  | damaged in melee. [demonic ancestry]
   830 | D:2      | Reached XP level 3. HP: 24/29 MP: 3/3
  1074 | D:2      | Noticed Jessica
  1084 | D:2      | Killed Jessica
  1087 | D:2      | Reached XP level 4. HP: 32/35 MP: 4/4
  1778 | D:3      | Reached skill level 3 in Axes
  2385 | D:3      | Gained mutation: When seriously injured, your blood forms
                  | armour. (AC +6) [demonic ancestry]
  2385 | D:3      | Reached XP level 5. HP: 41/41 MP: 5/5
  2511 | D:3      | Noticed Grinder
  2519 | D:3      | Paralysed by Grinder for 7 turns
  2544 | D:3      | Killed Grinder
  2545 | D:3      | Reached skill level 4 in Axes
  2545 | D:3      | Gained mutation: You have hoof-like feet. [demonic
                  | ancestry]
  2545 | D:3      | Reached XP level 6. HP: 27/48 MP: 6/6
  2777 | D:3      | Found a runed translucent gate.
  2777 | D:3      | Found a runed translucent gate.
  2777 | D:3      | Found a runed translucent gate.
  2777 | D:3      | Noticed Sanktem7's ghost (amateur MiBe)
  3286 | D:4      | Found Wamyw's Self-Improvement Boutique.
  3348 | D:4      | Noticed Sigmund
  3370 | D:4      | HP: 1/48 [poisoned by Sigmund]
  3371 | D:4      | Succumbed to Sigmund's poison

Illustrated notes

Levels and vault maps discovered:
D:1:      minmay_arrival_glassed_features, layout_loops_ring,
          shapermc_ecumenical_altar_pompeii, minmay_tiny_reverse_x
D:2:      kennysheep_six_static_rooms, layout_basic,
          chequers_serial_rivers_micro_c, minmay_3d_cube, uniq_jessica
D:3:      layout_basic, gammafunk_ghost_nasty_kobolds, uniq_grinder
D:4:      layout_rooms, nicolae_shop_self_help, uniq_sigmund

Skill      XL: |  1  2  3  4  5 |
---------------+----------------+-----
Axes           | 2 3 4 |  4.3
Shields        | 3 |  3.5
Armour         | 3 |  3.8
Fighting       | |  3.9
Dodging        | |  0.7
Stealth        | |  0.5

Action                   |  1- 3 |  4- 6 || total
-------------------------+-------+-------++-------
Melee: War axe           |    44 |    97 ||   141
       Kick              |     7 |    27 ||    34
Throw: Throwing net      |       |     1 ||     1
  Use: Scroll            |     4 |     4 ||     8
       Potion            |     2 |     4 ||     6
Armor: Scale mail        |    34 |    62 ||    96
Dodge: Dodged            |    26 |    44 ||    70
Block: Buckler           |    12 |    29 ||    41
